 Dungeon Crawl Stone Soup version 0.27.1-3-gb3d3a73c9e (webtiles) character file.

Game seed: 501351180323943888

44 baktar the Sneak (level 3, 0/21 HPs)
             Began as an Octopode Hedge Wizard on Oct 14, 2021.
             Slain by an orc (3 damage)
             ... on level 3 of the Dungeon.
             The game lasted 00:11:17 (1744 turns).

baktar the Sneak (Octopode Hedge Wizard)            Turns: 1744, Time: 00:11:17

Health: 0/21       AC:  2    Str:  8 (9)  XL:     3   Next: 62%
Magic:  3/7        EV: 13    Int: 15 (16) God:
Gold:   109        SH:  0    Dex: 10 (12) Spells: 5/8 levels left

rFire    . . .     SeeInvis .   d - +0 dagger (speed)
rCold    . . .     Faith    .   (no shield)
rNeg     . . .     Spirit   .   b - +1 hat
rPois    .         Reflect  .   (no amulet)
rElec    .         Harm     .   (no ring)
rCorr    .         Rampage  .   (no ring)
Will     .....                  (no ring)
Stlth    +++.......             (no ring)
HPRegen  0.07/turn              (no ring)
MPRegen  0.10/turn              (no ring)
                                (no ring)
                                (no ring)

@: no status effects
A: almost no armour, amphibious, 8 rings, camouflage 1, gelatinous body 1,
(nimble swimmer 1), tentacles
a: no special abilities


You were on level 3 of the Dungeon.
You visited 1 branch of the dungeon, and saw 3 of its levels.

You collected 109 gold pieces.

Inventory:

Hand Weapons
 d - a +0 dagger of speed (weapon)
Armour
 b - a +1 hat (worn)
Scrolls
 a - a scroll of magic mapping
 c - 2 scrolls of identify


   Skills:
 * Level 0.2 Short Blades
 + Level 2.0 Dodging
 * Level 3.3 Stealth
 * Level 1.2 Unarmed Combat
 + Level 3.2 Spellcasting
 * Level 1.4 Conjurations
 * Level 1.1 Summonings
 * Level 1.7 Translocations


You had 5 spell levels left.
You knew the following spells:

 Your Spells              Type           Power      Damage    Failure   Level
a - Magic Dart            Conj           24%        1d4       11%         1
b - Blink                 Tloc           N/A        N/A       14%         2

Your spell library contained the following spells:

 Spells                   Type           Power      Damage    Failure   Level
 Call Imp                 Summ           5%         N/A       19%         2
 Slow                     Hex            2%         N/A       30%         2
 Conjure Flame            Conj/Fire      4%         6-21      41%         3
 Mephitic Cloud           Conj/Pois/Air  3%         N/A       43%         3
 Ignite Poison            Fire/Tmut/Pois 2%         N/A       52%         3
 Bolt of Magma            Conj/Fire/Erth 1%         4d4       99%         5


Dungeon Overview and Level Annotations

Branches:
Dungeon (3/15)

Altars:
Nemelex Xobeh

Shops:
D:1 *   D:2 ?


Innate Abilities, Weirdness & Mutations

You cannot wear most types of armour.
You are amphibious.
You can wear up to eight rings at the same time.
Your skin changes colour to match your surroundings (Stealth+).
Your rubbery body absorbs attacks. (AC +1, EV +1)
((You are camouflaged near water. (Stealth+)))
You have tentacles for arms and can constrict up to eight enemies at once.


Message History

You hit the orc.
The orc is almost dead.
You constrict the orc.
You kill the orc!
Casting: Magic Dart (safe; 11% risk of failure)
Confirm with . or Enter, or press ? or * to list all spells.
Aiming: Magic Dart (safe; 11% risk of failure)
Press: ? - help, Shift-Dir - straight line, f/p - orc wizard
Aim: an orc wizard, wielding a +0 dagger and wearing a +0 robe (100% to hit)
The magic dart hits the orc wizard.
The orc wizard is lightly wounded.
You hit the orc. Your grab misses the orc.
The orc is moderately wounded.
The orc hits you with a +0 short sword.
* * * LOW HITPOINT WARNING * * *
You hit the orc. You grab the orc.
The orc is heavily wounded.
You constrict the orc. The orc completely misses you.
You hit the orc. You squeeze the orc.
You kill the orc!
Casting: Magic Dart (safe; 11% risk of failure)
Confirm with . or Enter, or press ? or * to list all spells.
Aiming: Magic Dart (safe; 11% risk of failure)
Press: ? - help, Shift-Dir - straight line, f/p - orc wizard
Aim: an orc wizard, wielding a +0 dagger and wearing a +0 robe (lightly wounded, 100% to hit)
The magic dart hits the orc wizard but does no damage.
The orc wizard is lightly wounded.
You hit the orc. Your grab misses the orc.
The orc is moderately wounded.
The orc closely misses you.
You hit the orc but do no damage. You grab the orc. You squeeze the orc.
You kill the orc!
You barely miss the orc. Your grab misses the orc. You barely miss the orc.
You grab the orc.
You constrict the orc, but do no damage.
The orc hits you but does no damage.
You hit the orc but do no damage.
You constrict the orc, but do no damage.
The orc hits you with a +0 short sword.
You die...

. #.#≈...###.#.#.#.. ..## #+
#.#≈≈..........#.. #.....#.#
#.#≈##.###.#.###..
....(#.####.####.###.#.##...
............................
#..........####.#####.##...
#...o.o...o...............#
#.....####o####............
#.....####@## #######.##..#
#..§..##....# # #.##..#
####..##....#.# #.##..#
.####..##....#.#.. ##.##..#
.........'........ ...##..#
..####.###....#.#. .....#
#.# #....#.# ######..# #.#
###'##.# #........
#.#####.##.# ######..#


You could see an orc wizard and an orc.

Vanquished Creatures
  An adder (D:3)
  A worm (D:2)
  A dart slug (D:1)
  3 orcs (D:3)
  A ball python (D:1)
  4 endoplasms
  A giant cockroach (D:2)
  2 hobgoblins
  4 jackals (D:2)
  2 frilled lizards
  3 kobolds
  3 rats
26 creatures vanquished.

Notes
Turn   | Place    | Note
-------+----------+-------------------------------------------
     0 | D:1      | baktar the Octopode Hedge Wizard began the quest for the
                  | Orb.
     0 | D:1      | Reached XP level 1. HP: 11/11 MP: 4/4
   415 | D:1      | Reached XP level 2. HP: 17/17 MP: 6/6
   418 | D:1      | Learned a level 2 spell: Blink
   587 | D:1      | Found Erheschayh's General Store.
   762 | D:2      | Found Bomidui's Magic Scroll Shoppe.
   836 | D:2      | Found a sparkling altar of Nemelex Xobeh.
  1050 | D:2      | Reached XP level 3. HP: 21/21 MP: 5/7
  1208 | D:3      | Reached skill level 1 in Unarmed Combat
  1744 | D:3      | Slain by an orc

Illustrated notes

Levels and vault maps discovered:
D:1:      onia_arrival_pentagram, layout_loops_ring, serial_shops, shop
D:2:      layout_rooms, basic_altar, serial_shops, shop
D:3:      layout_basic, chequers_serial_rivers_micro_e

Skill      XL: |  1  2  3 |
---------------+----------+-----
Stealth        | 3 |  3.3
Unarmed Combat | 1 |  1.2
Short Blades   | |  0.2
Dodging        | |  2.0
Spellcasting   | |  3.2
Conjurations   | |  1.4
Summonings     | |  1.1
Translocations | |  1.7

Action                   || total
-------------------------++-------
Melee: Dagger            ||    51
       Constrict         ||    14
       Tentacles         ||     9
 Cast: Magic Dart        ||    18
       Blink             ||     1
  Use: Scroll            ||     5
       Potion            ||     2
 Stab: Sleeping          ||     8
Armor: Skin              ||     4
Dodge: Dodged            ||    21
